 Dungeon Crawl Stone Soup version 0.21-a0-442-g848f44b (webtiles) character file.

1381 zxkuqyb the Ruffian (level 8, -5/51 HPs)
             Began as a Gargoyle Monk on Nov 17, 2017.
             Was a Believer of Wu Jian.
             Slain by an ogre
             ... wielding a +0 giant spiked club
              (16 damage)
             ... on level 7 of the Dungeon.
             The game lasted 00:16:55 (4643 turns).

zxkuqyb the Ruffian (Gargoyle Monk)                 Turns: 4643, Time: 00:16:56

Health: -5/51      AC:  1    Str: 16    XL:     8   Next: 67%
Magic:  8/8        EV: 14    Int: 10    God:    Wu Jian [**....]
Gold:   401        SH:  5    Dex: 14    Spells: 7/7 levels left

rFire    . . .     SeeInvis .     - Unarmed
rCold    . . .     Gourm    .   s - +0 buckler
rNeg     + . .     Faith    .   a - +0 robe
rPois    ∞         Spirit   .   (no helmet)
rElec    +         Reflect  .   d - +0 cloak
rCorr    .         Harm     .   (no gloves)
MR       .....                  y - +0 pair of boots
Stlth    ++........             (no amulet)
HPRegen  0.17/turn              (no ring)
MPRegen  0.11/turn              (no ring)

@: corroded
A: negative energy resistance 1, electricity resistance, unbreathing,
petrification resistance, rot immunity, AC +5
a: Renounce Religion


You were on level 7 of the Dungeon.
You worshipped Wu Jian.
Wu Jian was pleased with you.
You were very hungry.

You visited 2 branches of the dungeon, and saw 8 of its levels.

You collected 401 gold pieces.

Inventory:

Missiles
 k - 7 javelins of returning (quivered)
Armour
 a - a +0 robe (worn)
 d - a +0 cloak (worn)
 s - a +0 buckler (worn)
 y - a +0 pair of boots (worn)
Jewellery
 r - an uncursed ring of see invisible {unknown}
Wands
 C - a wand of lightning (2/15)
Scrolls
 e - 8 scrolls of identify {unknown}
 h - 6 scrolls of teleportation {unknown}
 j - a scroll of amnesia {unknown}
 m - a scroll of recharging {unknown}
 o - 3 scrolls of enchant weapon {unknown}
 u - 3 scrolls of magic mapping {unknown}
 v - a scroll of remove curse {unknown}
 x - a scroll of blinking {unknown}
 z - a scroll of fear {unknown}
 D - a scroll of noise {unknown}
 E - a scroll of enchant armour {unknown}
Potions
 f - a potion of degeneration {unknown}
 g - a potion of heal wounds {unknown}
 i - a potion of invisibility {unknown}
 l - 2 potions of lignification {unknown}
 n - a potion of flight {unknown}
 p - a potion of ambrosia {unknown}
 q - a potion of mutation {unknown}
 w - a potion of agility {unknown}
 A - a potion of might {unknown}
Books
 t - a book of Misfortune

   Spells                             Type                      Level
   a - Confusing Touch                Hexes                        1
   b - Confuse                        Hexes                        3
   c - Gell's Gravitas                Translocation                3
   d - Petrify                        Transmutation/Earth          4
   e - Metabolic Englaciation         Hexes/Ice                    5
   f - Yara's Violent Unravelling     Hexes/Transmutation          5
 B - a book of Changes

   Spells                             Type                      Level
   a - Beastly Appendage              Transmutation                1
   b - Sticks to Snakes               Transmutation                2
   c - Spider Form                    Transmutation/Poison         3
   d - Ice Form                       Ice/Transmutation            4
   e - Blade Hands                    Transmutation                5
Comestibles
 b - 7 bread rations
 c - a meat ration


   Skills:
 + Level 6.0 Fighting
 + Level 4.5 Dodging
 - Level 2.1 Stealth
 + Level 4.6 Shields
 * Level 7.3 Unarmed Combat


You had 7 spell levels left.
You didn't know any spells.

Dungeon Overview and Level Annotations

Branches:
Dungeon (7/15)             Temple (1/1) D:5

Altars:
Cheibriados
Dithmenos
Fedhas
Hepliaklqana
Kikubaaqudgha
Makhleb
Nemelex Xobeh
Okawaru
Qazlal
Ru
Sif Muna
Trog
Uskayaw
Vehumet
Wu Jian
Xom
Zin
The Shining One
Lugonu

Annotations:
D:4 djmy96's ghost, amateur DEAE
D:5 1 runed door


Innate Abilities, Weirdness & Mutations

You are resistant to torment.
Your stone body is resilient. (AC +5)
You are immune to poison.
You resist negative energy. (rN+)
You are resistant to electric shocks. (rElec)
You can survive without breathing.
You are immune to petrification.
You are immune to rotting.


Message History

You hit the ogre.
The ogre is heavily wounded.
You hit the ogre.
The ogre is severely wounded.
You spin and attack the jelly.
You hit the jelly but do no damage.
Your hands burn!
The jelly is moderately wounded.
The ogre hits you with a giant spiked club!
The jelly hits you. The acid corrodes you!
You are splashed with acid!
The acid burns!
* * * LOW HITPOINT WARNING * * *
You spin and attack the ogre.
You barely miss the ogre.
The ogre is severely wounded.
You spin and attack the jelly.
You hit the jelly but do no damage.
Your hands burn!
* * * LOW HITPOINT WARNING * * *
The jelly is moderately wounded.
The jelly barely misses you.
The ogre hits you with a giant spiked club!
You die...

...#..## #....###. ..
##.....## #........
##
##.......###........#
#..............##....
#.............# #...
#..........(..# #..
#....$.......# #.
##...........#
#...@J.......#
#...O........#
#..#...........#
#....##..........#
.... ###........ ...
######. ...


You could see an ogre and a jelly.

Vanquished Creatures
  Grinder (D:6)
  A hungry ghost (D:7)
  A black bear (D:7)
  An ice beast (D:5)
  3 phantoms
  A necrophage (D:7)
  A bullfrog (D:7)
  A water moccasin skeleton (D:6)
  A crimson imp (D:6)
  A quasit (D:6)
  An orc priest (D:6)
  A jelly (D:7)
  A worker ant (D:5)
  4 orc wizards
  A hound skeleton (D:5)
  A worker ant zombie (D:5)
  4 adders
  An adder zombie (D:7)
  2 worms
  A dart slug (D:1)
  2 leopard geckos
  13 orcs
  8 bats
  A giant cockroach (D:5)
  3 goblins
  5 hobgoblins
  A quokka (D:7)
  3 frilled lizards (D:3)
  A giant cockroach zombie (D:6)
  3 kobolds
  2 leopard gecko skeletons
  4 rats
75 creatures vanquished.

Notes
Turn   | Place    | Note
-------+----------+-------------------------------------------
     0 | D:1      | zxkuqyb the Gargoyle Monk began the quest for the Orb.
     0 | D:1      | Reached XP level 1. HP: 14/14 MP: 1/1
   202 | D:1      | Reached XP level 2. HP: 17/19 MP: 2/2
   818 | D:2      | Noticed an earth elemental
   819 | D:2      | Found a stormy altar of Qazlal.
   822 | D:2      | Noticed an air elemental
   822 | D:2      | Noticed a water elemental
   822 | D:2      | Noticed a fire elemental
   922 | D:2      | Found a sacrificial altar of Ru.
  1331 | D:2      | Reached XP level 3. HP: 23/23 MP: 3/3
  1332 | D:2      | Found a glowing golden altar of the Shining One.
  2146 | D:4      | Noticed djmy96's ghost (amateur DEAE)
  2193 | D:5      | Entered Level 5 of the Dungeon
  2202 | D:5      | Reached skill level 4 in Unarmed Combat
  2202 | D:5      | Reached XP level 4. HP: 13/29 MP: 4/4
  2414 | D:5      | Found a glowing golden altar of the Shining One.
  2415 | D:5      | Found a runed door.
  2415 | D:5      | Noticed an angel
  2513 | D:5      | Found a snail-covered altar of Cheibriados.
  2546 | D:5      | Noticed an ice beast
  2559 | D:5      | Killed an ice beast
  2559 | D:5      | Reached skill level 1 in Shields
  2559 | D:5      | Reached XP level 5. HP: 27/33 MP: 5/5
  2576 | D:5      | Found a hide-covered altar of Uskayaw.
  2628 | D:5      | Noticed a phantom
  2650 | D:5      | Killed a phantom
  2650 | D:5      | Reached skill level 5 in Unarmed Combat
  2650 | D:5      | Reached XP level 6. HP: 35/39 MP: 6/6
  2711 | D:5      | Found a staircase to the Ecumenical Temple.
  2713 | D:5      | Noticed a phantom
  2782 | D:5      | Killed a phantom
  2790 | Temple   | Entered the Ecumenical Temple
  2803 | Temple   | Became a worshipper of the Wu Jian Council
  2803 | Temple   | Reached * piety under Wu Jian
  2803 | Temple   | Reached ** piety under Wu Jian
  3272 | D:6      | Noticed Grinder
  3310 | D:6      | Reached XP level 7. HP: 26/44 MP: 7/7
  3322 | D:6      | Killed Grinder
  3322 | D:6      | Reached skill level 5 in Fighting
  3569 | D:6      | Reached skill level 6 in Unarmed Combat
  3605 | D:6      | Found a radiant altar of Vehumet.
  3936 | D:6      | Found a shadowy altar of Dithmenos.
  4113 | D:6      | Reached XP level 8. HP: 27/50 MP: 8/8
  4281 | D:7      | Found a burning altar of Makhleb.
  4282 | D:7      | Found a glowing silver altar of Zin.
  4282 | D:7      | Noticed an angel
  4283 | D:7      | Noticed a cacodemon
  4419 | D:7      | Found a blossoming altar of Fedhas.
  4462 | D:7      | Reached skill level 7 in Unarmed Combat
  4643 | D:7      | Slain by an ogre

Vault maps used:
D:1:      dpeg_arrival_three_smaller_balls, supply_closet_lemuel,
          minmay_bisected
D:2:      nicolae_qazlal_style_of_elements, lemuel_round_altar,
          nicolae_tso_carved_into_rock
D:3:      first_bread, moated_statue
D:4:      yredelemnul_altar_generic, serial_shops, kennysheep_mini,
          minmay_misc_feat_nine_boxes, solitary_fountain
D:5:      slow_altar_2, old_standard_altar, temple_fountains, lemuel_angel_altar
D:6:      vehumet_crystals, grunt_dithmenos_smoke_and_mirrors, uniq_grinder
D:7:      grunt_temple_overflow_order_and_chaos_2, lemuel_crystal_altar
Temple:   corrupted_temple

Skill      XL: |  1  2  3  4  5  6  7  8 |
---------------+-------------------------+-----
Unarmed Combat | 4 5 6 7 |  7.3
Fighting       | 4 5 6 |  6.0
Dodging        | 3 4 |  4.5
Shields        | 1 2 3 4 |  4.6
Stealth        | |  2.1

Action                   |  1- 3 |  4- 6 |  7- 9 || total
-------------------------+-------+-------+-------++-------
Melee: Unarmed           |   110 |   198 |   181 ||   489
       Punch             |     2 |       |       ||     2
 Stab: Sleeping          |     2 |     1 |     1 ||     4
  Eat: Chunk             |     4 |     1 |     5 ||    10
       Fruit             |       |     4 |     2 ||     6
Armor: Robe              |    41 |    64 |    50 ||   155
Dodge: Dodged            |    89 |    78 |    81 ||   248
Block: Buckler           |     1 |    23 |    37 ||    61

Table legend:
 A = Spawn XP
 B = Non-spawn XP
 C = Spawn XP percentage of total XP
 D = Spawn monster count
 E = Non-spawn monster count
 F = Spawn count percentage of total count
 G = Total turns spent on level
                    A         B        C        D         E        F      G
               +---------+---------+-------+---------+---------+-------+---------
         Total |       0 |    1974 |   0.0 |       0 |      75 |   0.0 |  4643
               +---------+---------+-------+---------+---------+-------+---------
           D:1 |       0 |      15 |   0.0 |       0 |       8 |   0.0 |   659
           D:2 |       0 |      21 |   0.0 |       0 |      10 |   0.0 |   809
           D:3 |       0 |      17 |   0.0 |       0 |      12 |   0.0 |   623
           D:5 |       0 |     517 |   0.0 |       0 |      14 |   0.0 |   879
           D:6 |       0 |     727 |   0.0 |       0 |      19 |   0.0 |  1129
           D:7 |       0 |     677 |   0.0 |       0 |      12 |   0.0 |   407
               +---------+---------+-------+---------+---------+-------+---------
